 Dungeon Crawl Stone Soup version 0.27-a0-404-g4390dbc5be (webtiles) character file.

Game seed: 11208196382686593415

154060 Nattfarinn the Thrower (level 17, -18/132 HPs)
             Began as a Gnoll Necromancer on Feb 22, 2021.
             Was the Champion of Kikubaaqudgha.
             Killed from afar by Nikola (25 damage)
             ... with a chain lightning
             ... on level 4 of the Spider Nest.
             The game lasted 02:42:53 (37189 turns).

Nattfarinn the Thrower (Gnoll Necromancer)         Turns: 37189, Time: 02:42:53

Health: -18/132    AC: 17    Str: 14      XL:     17   Next: 62%
Magic:  2/33       EV: 16    Int: 27 (28) God:    Kikubaaqudgha [******]
Gold:   1998       SH: 14    Dex: 11 (12) Spells: 8/41 levels left

rFire    . . .     SeeInvis .   J - +8 quick blade "Gimunuq" {venom, Str+6 Int+2}
rCold    . . .     Faith    .   B - +3 kite shield {rPois}
rNeg     + + +     Spirit   .   w - +4 leather armour of Hedge Wizardry {Rampage *Drain rN++ Regen+}
rPois    +         Reflect  .   P - +2 helmet
rElec    .         Harm     .   U - scarf {repulsion}
rCorr    .         Rampage  +   R - +1 pair of gloves
Will     ++...                  L - +1 pair of boots
Stlth    +++++.....             Y - amulet of magic regeneration
HPRegen  1.32/turn              a - ring of Meeblec {Will+ Int+4}
MPRegen  0.48/turn              W - ring of positive energy

@: very slightly contaminated, studying 2 skills, invisible, repel missiles
A: distributed training, fangs 1, strong nose
a: Renounce Religion, Receive Corpses, Torment


You were on level 4 of the Spider Nest.
You worshipped Kikubaaqudgha.
Kikubaaqudgha was exalted by your worship.
You visited 4 branches of the dungeon, and saw 27 of its levels.
You also visited: Sewer and Bailey.

You collected 2966 gold pieces.
You spent 968 gold pieces at shops.

Inventory:

Hand Weapons
 J - the +8 quick blade "Gimunuq" (weapon) {venom, Str+6 Int+2}
   (You acquired it on level 6 of the Lair of Beasts)

   It poisons the flesh of those it strikes.
   It affects your strength (+6).
   It affects your intelligence (+2).
 K - the +7 hand axe "Hatow" {drain, rPois rF- Int+6 Dex+2}
   (You found it on level 10 of the Dungeon)

   A truly terrible weapon, it drains the life of those it strikes.
   It affects your intelligence (+6).
   It affects your dexterity (+2).
   It makes you vulnerable to fire.
   It protects you from poison.
Armour
 w - the +4 leather armour of Hedge Wizardry (worn) {Rampage *Drain rN++ Regen+}
   (You found it on level 1 of the Spider Nest)

   It greatly protects you from negative energy.
   It increases your rate of regeneration.
   It causes draining when unequipped.
   It bestows one free step when moving towards enemies.
 B - a +3 kite shield of poison resistance (worn)
 L - a +1 pair of boots (worn)
 P - a +2 helmet (worn)
 Q - a +3 ring mail of fire resistance
 R - a +1 pair of gloves (worn)
 U - a scarf of repulsion (worn)
Jewellery
 a - the ring of Meeblec (left hand) {Will+ Int+4}
   (You bought it in a shop on level 2 of the Orcish Mines)

   [ring of willpower]

   It affects your intelligence (+4).
   It affects your willpower, your defense against some magical effects.
 e - an amulet of regeneration
 r - a +6 ring of dexterity
 N - an amulet of the acrobat
 O - a +6 ring of strength
 V - a ring of wizardry
 W - a ring of positive energy (right hand)
 Y - an amulet of magic regeneration (around neck)
Wands
 m - a wand of charming (9)
 o - a wand of random effects (7)
 y - a wand of paralysis (31)
 A - a wand of flame (49)
 G - a wand of digging (4)
 I - a wand of polymorph (24)
 S - a wand of mindburst (4)
 X - a wand of iceblast (25)
Scrolls
 b - 3 scrolls of fear
 g - 2 scrolls of fog
 h - 6 scrolls of enchant weapon
 j - 9 scrolls of teleportation
 k - 3 scrolls of magic mapping
 p - a scroll of torment
 q - a scroll of blinking
 E - 4 scrolls of immolation
 F - 4 scrolls of amnesia
 T - 3 scrolls of holy word
 Z - a scroll of vulnerability
Potions
 c - a potion of mutation {unknown}
 d - 3 potions of haste
 f - a potion of attraction {unknown}
 i - 6 potions of might
 n - 2 potions of ambrosia
 s - 4 potions of resistance
 t - 2 potions of invisibility
 u - 4 potions of berserk rage
 v - 3 potions of magic
 x - 8 potions of curing
 z - 6 potions of brilliance
 C - 2 potions of flight
 D - 5 potions of heal wounds
 H - a potion of lignification {unknown}
 M - a potion of experience {unknown}


   Skills:
 + Level 11.6 Fighting
 + Level 11.6 Short Blades
 + Level 11.6 Long Blades
 + Level 11.6 Axes
 + Level 11.6 Maces & Flails
 + Level 11.6 Polearms
 + Level 11.6 Staves
 + Level 11.6 Slings
 + Level 11.6 Bows
 + Level 11.6 Crossbows
 + Level 12.9 Throwing
 + Level 11.6 Armour
 + Level 12.4 Dodging
 + Level 12.2 Stealth
 + Level 11.6 Shields
 + Level 11.6 Unarmed Combat
 + Level 12.5 Spellcasting
 + Level 9.9 Conjurations
 + Level 9.9 Hexes
 + Level 9.9 Summonings
 + Level 12.0 Necromancy
 + Level 9.9 Translocations
 + Level 9.9 Transmutations
 + Level 9.9 Fire Magic
 + Level 9.9 Ice Magic
 + Level 12.0 Air Magic
 + Level 9.9 Earth Magic
 + Level 9.9 Poison Magic
 + Level 12.5 Invocations
 + Level 11.6 Evocations


You had 8 spell levels left.
You knew the following spells:

 Your Spells              Type           Power        Failure   Level
a - Pain                  Necr           100%         1%          1
b - Animate Dead          Necr           34%          1%          4
c - Frozen Ramparts       Ice            100%         1%          3
d - Summon Ice Beast      Ice/Summ       63%          1%          4
e - Dispel Undead         Necr           69%          1%          4
f - Borgnjor's Vile Clut  Necr/Erth      33%          1%          5
g - Statue Form           Tmut/Erth      42%          16%         6
h - Simulacrum            Ice/Necr       33%          11%         6

Your spell library contained the following spells:

 Spells                   Type           Power        Failure   Level
 Animate Skeleton         Necr           100%         1%          1
 Apportation              Tloc           100%         1%          1
 Beastly Appendage        Tmut           100%         1%          1
 Corona                   Hex            70%          1%          1
 Foxfire                  Conj/Fire      100%         1%          1
 Freeze                   Ice            100%         1%          1
 Summon Small Mammal      Summ           100%         1%          1
 Call Imp                 Summ           63%          1%          2
 Ensorcelled Hibernation  Hex/Ice        100%         1%          2
 Sublimation of Blood     Necr           34%          1%          2
 Wereblood                Tmut           63%          1%          2
 Call Canine Familiar     Summ           63%          1%          3
 Confusing Touch          Hex            63%          1%          3
 Conjure Flame            Conj/Fire      63%          1%          3
 Dazzling Flash           Conj/Hex       100%         1%          3
 Gell's Gravitas          Tloc           31%          1%          3
 Inner Flame              Hex/Fire       63%          1%          3
 Ozocubu's Armour         Ice            63%          1%          3
 Spider Form              Tmut/Pois      31%          1%          3
 Summon Guardian Golem    Hex/Summ       63%          1%          3
 Tukima's Dance           Hex            63%          1%          3
 Vampiric Draining        Necr           34%          1%          3
 Animate Armour           Summ/Erth      100%         1%          4
 Cause Fear               Hex            31%          1%          4
 Hailstorm                Conj/Ice       63%          1%          4
 Ice Form                 Ice/Tmut       63%          1%          4
 Leda's Liquefaction      Hex/Erth       31%          1%          4
 Petrify                  Tmut/Erth      63%          1%          4
 Sticky Flame             Conj/Fire      63%          1%          4
 Summon Lightning Spire   Summ/Air       66%          1%          4
 Agony                    Necr           69%          1%          5
 Excruciating Wounds      Necr           34%          1%          5
 Blade Hands              Tmut           31%          2%          5
 Bolt of Magma            Conj/Fire/Erth 31%          2%          5
 Fireball                 Conj/Fire      31%          2%          5
 Irradiate                Conj/Tmut      31%          2%          5
 Metabolic Englaciation   Hex/Ice        31%          2%          5
 Yara's Violent Unravell  Hex/Tmut       31%          2%          5
 Freezing Cloud           Conj/Ice/Air   32%          12%         6
 Hydra Form               Tmut           31%          16%         6
 Iron Shot                Conj/Erth      31%          16%         6
 Dragon Form              Tmut           31%          65%         7
 Borgnjor's Revivificati  Necr           34%          96%         8
 Infestation              Necr           34%          96%         8
 Necromutation            Tmut/Necr      33%          99%         8
 Death's Door             Necr           34%          100%        9
 Dragon's Call            Summ           31%          100%        9
 Shatter                  Erth           31%          100%        9


Dungeon Overview and Level Annotations

Branches:
Dungeon (15/15)            Temple (0/1) D:5            Lair (6/6) D:11
 Shoals (0/4) Lair:2       Spider (4/4) Lair:3        Slime (0/5) Lair:6
    Orc (2/2) D:10            Elf (0/3) Orc:2        Vaults (0/5) D:13
 Depths (0/5) D:15          Sewer (visited)          Bailey (visited)

Altars:
Ashenzari
Cheibriados
Fedhas
Kikubaaqudgha
Makhleb
Nemelex Xobeh
Qazlal
Ru
Sif Muna
Vehumet
Wu Jian
Xom
Yredelemnul
Zin
The Shining One
Beogh
Jiyva

Shops:
D:4 *   D:13 (   Orc:2 =(([(

Annotations:
D:5 Prince Ribbit
D:6 1 runed translucent door, highc0's ghost, novice DEEn
D:9 3 runed translucent doors, Morbidden's ghost, novice DgFi; Rudriger's ghost, novice HOFi; wub's ghost, novice TrBe
Lair:1 2 transporters, TerraDOOM's ghost, journeyman FoAK
Lair:6 1 runed translucent door
Spider:4 Nikola


Innate Abilities, Weirdness & Mutations

Your experience applies equally to all skills.
You have very sharp teeth.
Your uncanny sense of smell can sniff out nearby items.


Message History

The zombie hands constrict Nikola.
The zombie hands constrict the orb spider.
Nikola hits you but does no damage.
The orb spider struggles to escape constriction.
Unknown command.
Unknown command.
Unknown command.
Unknown command.
Unknown command.
You puncture Nikola!
Nikola looks as sick as possible!
Nikola is severely wounded.
The zombie hands constrict Nikola.
The zombie hands constrict the orb spider.
Something hits you. You block something's attack. Something stings you.
Unknown command.
Unknown command.
You hit Nikola.
Nikola looks as sick as possible!
Nikola is severely wounded.
The zombie hands constrict Nikola.
The zombie hands constrict the orb spider.
You kill the orb spider!
Kikubaaqudgha accepts your kill.
Unknown command.
Unknown command.
Unknown command.
Unknown command.
Unknown command.
You hit Nikola.
Nikola looks as sick as possible!
Nikola is severely wounded.
The zombie hands constrict Nikola.
Nikola gestures wildly while chanting.
You hear a mighty clap of thunder!
The lightning arc hits you!!
* * * LOW HITPOINT WARNING * * *
The lightning arc hits Nikola.
The lightning arc hits you!!
* * * LOW HITPOINT WARNING * * *
The lightning arc hits Nikola!
The lightning arc hits you!!
You die...
Kikubaaqudgha rasps: "You have failed me!
Welcome... death!"

..##
#......^^.....^^.^...##
..#
##.......#^..^..#^.....#
.##
#.......^#^...^.#......#
##
#.......^#......#.^....#
#####....#^^^.^.#......#
*,,,###..#..^..^#...####
*,,,∆,##^#.^^...#≈.##,,**
*≈,^,^,###..{..^#.##∆,,,*
**,,,,,,,##^.@.≈####^,^,^*
*≈≈,^,^,,#.^#@#.#*≈,,,,,,*
*^,,,,,,##...s..#^,,,,,,,*
*^,,,,,,#^......#,,,^,,,,*
*,,,,,,##.......#,,,,,,,^*
*≈,,,,^#..s.....#,,∆,,,,^*
*^,,,,,#^.......#^,,,,,,**
*,,,,,,#≈^.....##^,,,,,,*
*^,,,,^##.^...^#^,,,,,,,*


You could see Nikola (extremely poisoned, clutched), a demonic crawler and a
redback (wandering).

Vanquished Creatures
  Arachne (Spider:4)
  Rupert (Lair:4)
  Asterion (Spider:2)
  Kirke (Spider:1)
  Roxanne (Spider:2)
  A ghost moth (Spider:4)
  An orc warlord (Bailey)
  Aizul (Spider:4)
  An emperor scorpion (Spider:4)
  An ironheart preserver (D:13)
  The ghost of Wuycwo the Cleaver, a journeyman MiFi of Okawaru (Orc:2)
  A spark wasp (Spider:4)
  Azrael (D:12)
  The ghost of Kewkacs Pitz the Protected, a journeyman DDFi of Makhleb (Orc:1)
  3 entropy weavers
  Snorg (D:14)
  A death ooze (Lair:6)
  2 fire dragons (D:15)
  2 great orbs of eyes (Lair:6)
  The ghost of Rudriger the Fighter, a journeyman DsFi of Xom (D:10)
  A boulder beetle (D:7)
  2 hydras
  4 catoblepae (Lair:6)
  Erica (D:9)
  7 two-headed ogres
  2 centaur warriors
  13 death yaks
  2 tengu warriors
  Urug (Lair:1)
  An orc high priest (Orc:1)
  4 unseen horrors
  19 orb spiders
  4 orc knights
  A wolf spider zombie (D:13)
  20 wolf spiders
  3 oklob plants (Lair:2)
  An orc sorcerer (Orc:2)
  2 ugly things
  2 manticores (Lair:6)
  3 cyclopes
  2 moths of wrath
  8 elephants
  Maurice (D:12)
  5 black mambas
  2 centaur zombies
  7 cane toads
  10 komodo dragons
  3 rime drakes
  A yaktaur (D:14)
  A tengu conjurer (D:15)
  8 demonic crawlers
  A freezing wraith (D:15)
  A polar bear (shapeshifter) (D:14)
  9 trolls
  42 jumping spiders
  2 polar bears
  9 hornets
  17 blink frogs
  A meliai zombie (D:15)
  26 tarantellas
  4 wyverns
  68 redbacks
  4 wraiths
  56 yaks
  Sigmund (D:5)
  7 hogs (Spider:1)
  2 fire elementals (D:12)
  2 steam dragons
  8 basilisks
  6 vampire mosquitoes (D:13)
  5 wargs
  An acid dragon (D:11)
  3 hell hounds (D:12)
  6 water moccasins
  50 orc warriors
  3 sky beasts (D:8)
  5 ice beasts
  3 black bears
  An eye of draining (D:14)
  A necrophage (D:8)
  5 wolves (Lair:4)
  10 ogres
  15 centaurs
  4 kobold brigands
  21 bullfrogs
  A water moccasin zombie (D:7)
  A wyvern zombie (D:13)
  4 scorpions
  22 killer bees
  6 electric eels
  A vampire bat (Lair:1)
  14 wights
  6 howler monkeys
  9 jellies
  A quasit (D:10)
  6 hounds
  4 centaur skeletons
  9 orc priests
  Jessica (D:2)
  Ijyb (D:5)
  An iguana (D:13)
  22 orc wizards
  4 hell rats (Lair:4)
  5 worker ants
  A killer bee zombie (D:8)
  A howler monkey zombie (D:6)
  2 worker ant zombies
  9 gnolls (Bailey)
  A howler monkey skeleton (D:7)
  19 adders
  4 white imps
  2 ufetubi
  2 oozes (Lair:6)
  2 adder skeletons
  4 worms
  A dart slug (D:2)
  15 leopard geckos
  90 orcs
  15 bats
  11 giant cockroaches
  23 goblins
  18 hobgoblins
  5 jackals
  35 kobolds
  5 quokkas
  7 ball pythons
  4 frilled lizards
  A jackal skeleton (D:7)
  A quokka skeleton (D:8)
  5 rats
965 creatures vanquished.

Vanquished Creatures (collateral kills)
  2 acid blobs (Lair:6)
  6 death oozes (Lair:6)
  2 hydras
  A two-headed ogre (D:9)
  2 orb spiders (Spider:2)
  6 elephants
  A cane toad (Lair:4)
  2 jumping spiders
  A hornet (Spider:2)
  A redback (Spider:4)
  A tarantella (Spider:4)
  A steam dragon (D:9)
  A black bear (D:9)
  2 orc warriors
  A wolf (Lair:4)
  A centaur (D:9)
  2 killer bees (D:9)
  2 jellies (Lair:6)
  An orc priest (D:7)
  A gnoll (Bailey)
  An ooze (D:4)
  2 orcs
  2 frilled lizards (Sewer)
42 creatures vanquished.

Vanquished Creatures (others)
  A redback (Spider:3)
  A tarantella (Spider:4)
  46 fungi
  81 plants
  4 withered plants (D:9)
133 creatures vanquished.

Grand Total: 1140 creatures vanquished

Notes
Turn   | Place    | Note
-------+----------+-------------------------------------------
     0 | D:1      | Nattfarinn the Gnoll Necromancer began the quest for the
                  | Orb.
     0 | D:1      | Reached XP level 1. HP: 13/13 MP: 6/6
   164 | D:1      | Found a glowing golden altar of the Shining One.
   224 | D:1      | Reached XP level 2. HP: 19/19 MP: 5/7
  1003 | D:2      | Reached XP level 3. HP: 25/25 MP: 7/9
  1007 | D:2      | Reached skill level 5 in Spellcasting
  1111 | D:2      | Reached skill level 1 in Invocations
  1178 | D:2      | Reached skill level 1 in Fighting
  1178 | D:2      | Reached skill level 1 in Short Blades
  1178 | D:2      | Reached skill level 1 in Long Blades
  1178 | D:2      | Reached skill level 1 in Axes
  1178 | D:2      | Reached skill level 1 in Maces & Flails
  1178 | D:2      | Reached skill level 1 in Polearms
  1178 | D:2      | Reached skill level 1 in Staves
  1178 | D:2      | Reached skill level 1 in Slings
  1178 | D:2      | Reached skill level 1 in Bows
  1178 | D:2      | Reached skill level 1 in Crossbows
  1178 | D:2      | Reached skill level 1 in Throwing
  1178 | D:2      | Reached skill level 1 in Armour
  1178 | D:2      | Reached skill level 1 in Shields
  1178 | D:2      | Reached skill level 1 in Unarmed Combat
  1178 | D:2      | Reached skill level 1 in Evocations
  1302 | D:2      | Reached XP level 4. HP: 28/32 MP: 11/11
  1366 | D:2      | Noticed Jessica
  1368 | D:2      | Killed Jessica
  1369 | D:2      | Reached skill level 1 in Conjurations
  1369 | D:2      | Reached skill level 1 in Hexes
  1369 | D:2      | Reached skill level 1 in Summonings
  1369 | D:2      | Reached skill level 1 in Translocations
  1369 | D:2      | Reached skill level 1 in Transmutations
  1369 | D:2      | Reached skill level 1 in Fire Magic
  1369 | D:2      | Reached skill level 1 in Ice Magic
  1369 | D:2      | Reached skill level 1 in Air Magic
  1369 | D:2      | Reached skill level 1 in Earth Magic
  1369 | D:2      | Reached skill level 1 in Poison Magic
  1484 | D:2      | Reached XP level 5. HP: 31/37 MP: 7/12
  1828 | D:2      | Found a faded altar of an unknown god.
  2239 | D:3      | Found a sacrificial altar of Ru.
  2308 | D:3      | Reached XP level 6. HP: 44/44 MP: 5/13
  2526 | D:3      | Learned a level 4 spell: Animate Dead
  2904 | D:3      | Found an ancient bone altar of Kikubaaqudgha.
  2913 | D:3      | Became a worshipper of Kikubaaqudgha
  2986 | D:4      | Reached skill level 5 in Dodging
  3003 | D:4      | Reached XP level 7. HP: 23/50 MP: 0/15
  3173 | D:4      | Found Tuni's Assorted Antiques.
  3302 | D:4      | Found a glowing silver altar of Zin.
  3606 | D:5      | Entered Level 5 of the Dungeon
  3668 | D:5      | Noticed Ijyb
  3678 | D:5      | Killed Ijyb
  3787 | D:5      | Identified the Disquisition on Flames
  3835 | D:5      | Found a staircase to the Ecumenical Temple.
  3898 | D:5      | Found a shimmering blue altar of Sif Muna.
  3900 | D:5      | Found a shimmering altar of Xom.
  3901 | D:5      | Found an ornate altar of the Wu Jian Council.
  4087 | D:5      | Noticed Sigmund
  4095 | D:5      | Killed Sigmund
  4096 | D:5      | Reached skill level 5 in Stealth
  4205 | D:5      | Found a basalt altar of Yredelemnul.
  4379 | D:6      | Noticed Prince Ribbit
  4657 | D:6      | Found a runed translucent door.
  4660 | D:6      | Noticed highc0's ghost (novice DEEn)
  4741 | D:6      | Found a glowing drain.
  4750 | Sewer    | Entered a sewer
  5050 | Sewer    | Reached XP level 8. HP: 52/57 MP: 12/16
  5061 | Sewer    | Reached * piety under Kikubaaqudgha
  5061 | Sewer    | Identified Kikubaaqudgha's Grimoire of Sinister Secrets
                  | (Kikubaaqudgha gifted it to you in a sewer)
  5061 | Sewer    | Received a gift from Kikubaaqudgha
  5845 | D:6      | Found a snail-covered altar of Cheibriados.
  6162 | D:6      | Found a sparkling altar of Nemelex Xobeh.
  7054 | D:7      | Reached XP level 9. HP: 64/65 MP: 7/18
  7152 | D:7      | Noticed a hornet
  7157 | D:7      | Identified the +2 dagger "Miditu" {speed, +Fly Int+3}
  7159 | D:7      | Killed a hornet
  7175 | D:7      | Reached ** piety under Kikubaaqudgha
  7634 | D:7      | Noticed a boulder beetle
  7698 | D:7      | Killed a boulder beetle
  7699 | D:7      | Reached skill level 5 in Invocations
  7895 | D:7      | Reached XP level 10. HP: 23/73 MP: 3/20
  7913 | D:7      | Learned a level 3 spell: Frozen Ramparts
  8183 | D:8      | Found a broken altar of Ashenzari.
  8395 | D:8      | Reached skill level 5 in Fighting
  8395 | D:8      | Reached skill level 5 in Short Blades
  8395 | D:8      | Reached skill level 5 in Long Blades
  8395 | D:8      | Reached skill level 5 in Axes
  8395 | D:8      | Reached skill level 5 in Maces & Flails
  8395 | D:8      | Reached skill level 5 in Polearms
  8395 | D:8      | Reached skill level 5 in Staves
  8395 | D:8      | Reached skill level 5 in Slings
  8395 | D:8      | Reached skill level 5 in Bows
  8395 | D:8      | Reached skill level 5 in Crossbows
  8395 | D:8      | Reached skill level 5 in Throwing
  8395 | D:8      | Reached skill level 5 in Armour
  8395 | D:8      | Reached skill level 5 in Shields
  8395 | D:8      | Reached skill level 5 in Unarmed Combat
  8395 | D:8      | Reached skill level 5 in Evocations
  8452 | D:8      | Found a snail-covered altar of Cheibriados.
  8535 | D:8      | Noticed a two-headed ogre
  8545 | D:8      | Killed a two-headed ogre
  8836 | D:8      | Found a burning altar of Makhleb.
  9239 | D:9      | Noticed a two-headed ogre
  9245 | D:9      | Learned a level 4 spell: Summon Ice Beast
  9250 | D:9      | Killed a two-headed ogre
  9553 | D:9      | Reached *** piety under Kikubaaqudgha
  9553 | D:9      | Identified Kikubaaqudgha's Guide on Evil Rituals
                  | (Kikubaaqudgha gifted it to you on level 9 of the Dungeon)
  9553 | D:9      | Received a gift from Kikubaaqudgha
  9562 | D:9      | Learned a level 4 spell: Dispel Undead
  9574 | D:9      | Reached XP level 11. HP: 67/81 MP: 18/22
  9645 | D:9      | Noticed Erica
  9669 | D:9      | Killed Erica
  9732 | D:9      | Found a runed translucent gate.
  9732 | D:9      | Found a runed translucent gate.
  9732 | D:9      | Found a runed translucent gate.
  9733 | D:9      | Noticed Rudriger's ghost (novice HOFi)
  9733 | D:9      | Noticed wub's ghost (novice TrBe)
  9733 | D:9      | Noticed Morbidden's ghost (novice DgFi)
  9804 | D:9      | Found a stormy altar of Qazlal.
 10034 | D:9      | Reached skill level 5 in Conjurations
 10034 | D:9      | Reached skill level 5 in Hexes
 10034 | D:9      | Reached skill level 5 in Summonings
 10034 | D:9      | Reached skill level 5 in Translocations
 10034 | D:9      | Reached skill level 5 in Transmutations
 10034 | D:9      | Reached skill level 5 in Fire Magic
 10034 | D:9      | Reached skill level 5 in Ice Magic
 10034 | D:9      | Reached skill level 5 in Air Magic
 10034 | D:9      | Reached skill level 5 in Earth Magic
 10034 | D:9      | Reached skill level 5 in Poison Magic
 10061 | D:9      | Found a radiant altar of Vehumet.
 10269 | D:10     | Entered Level 10 of the Dungeon
 10269 | D:10     | Found a runed translucent door.
 10270 | D:10     | Noticed Rudriger's ghost (journeyman DsFi)
 10281 | D:10     | Killed Rudriger's ghost
 10594 | D:10     | Found a staircase to the Orcish Mines.
 10594 | D:10     | Found a flagged portal.
 10602 | D:10     | Got an iridescent hand axe
 10605 | Bailey   | Entered a bailey
 10606 | Bailey   | Identified the +7 hand axe "Hatow" {drain, rPois rF- Int+6
                  | Dex+2} (You found it on level 10 of the Dungeon)
 10754 | Bailey   | Noticed an orc knight
 10763 | Bailey   | Killed an orc knight
 10770 | Bailey   | Reached **** piety under Kikubaaqudgha
 10983 | Bailey   | Noticed an orc warlord
 11014 | Bailey   | Killed an orc warlord
 11549 | D:10     | Killed an unseen horror
 11549 | D:10     | Reached ***** piety under Kikubaaqudgha
 11817 | D:10     | Noticed a two-headed ogre
 11829 | D:10     | Killed a two-headed ogre
 12046 | D:10     | Reached XP level 12. HP: 61/87 MP: 5/24
 12703 | D:10     | Learned a level 5 spell: Borgnjor's Vile Clutch
 12717 | D:10     | Identified a scroll of acquirement
 12718 | D:10     | Acquired a book of Transfigurations
 13276 | D:11     | Noticed a two-headed ogre
 13285 | D:11     | Killed a two-headed ogre
 13870 | D:11     | Found a staircase to the Lair.
 14074 | D:11     | Noticed a two-headed ogre
 14083 | D:11     | Killed a two-headed ogre
 14216 | D:11     | Noticed a two-headed ogre
 14225 | D:11     | Killed a two-headed ogre
 14750 | Lair:1   | Entered Level 1 of the Lair of Beasts
 14818 | Lair:1   | Found a transporter.
 14821 | Lair:1   | Found a transporter.
 14822 | Lair:1   | Noticed TerraDOOM's ghost (journeyman FoAK)
 14988 | Lair:1   | Noticed Urug
 15000 | Lair:1   | Killed Urug
 15604 | Lair:1   | Reached XP level 13. HP: 98/98 MP: 17/26
 16093 | Lair:2   | Found a shimmering altar of Xom.
 17220 | Lair:2   | Found a staircase to the Shoals.
 17825 | Lair:2   | Reached ****** piety under Kikubaaqudgha
 17900 | Lair:3   | Reached skill level 10 in Necromancy
 18285 | Lair:3   | Reached skill level 10 in Spellcasting
 18675 | Lair:3   | Found a hole to the Spider Nest.
 19149 | Lair:4   | Reached XP level 14. HP: 75/106 MP: 18/28
 19315 | Lair:4   | Reached skill level 10 in Dodging
 19428 | Lair:4   | Noticed Rupert
 19445 | Lair:4   | Killed Rupert
 19558 | Lair:4   | Reached skill level 10 in Stealth
 19713 | Lair:4   | Got a steaming robe
 19724 | Lair:4   | Identified the +1 robe of the Ward {Str+4} (You found it on
                  | level 4 of the Lair of Beasts)
 19731 | Lair:4   | Learned a level 6 spell: Statue Form
 20826 | Lair:5   | Reached skill level 10 in Invocations
 21645 | Lair:6   | Entered Level 6 of the Lair of Beasts
 22071 | Lair:6   | Identified the Reference Book on the Glacier
 22078 | Lair:6   | Received a gift from Kikubaaqudgha
 22338 | Lair:6   | Acquired the +8 quick blade "Gimunuq" {venom, Str+6 Int+2}
 22346 | Lair:6   | Found a runed translucent door.
 22349 | Lair:6   | Found a viscous altar of Jiyva.
 22353 | Lair:6   | Found a staircase to the Slime Pits.
 22469 | Lair:6   | Noticed an acid blob
 22471 | Lair:6   | Noticed an azure jelly
 22475 | Lair:6   | Noticed an acid blob
 23077 | Lair:6   | Reached XP level 15. HP: 110/115 MP: 29/29
 23154 | Lair:6   | Killed an acid blob
 23673 | Lair:6   | HP: 5/115 [azure jelly (21)]
 23973 | Lair:6   | Killed an acid blob
 24805 | Orc:1    | Entered Level 1 of the Orcish Mines
 24932 | Orc:1    | Reached skill level 10 in Fighting
 24932 | Orc:1    | Reached skill level 10 in Short Blades
 24932 | Orc:1    | Reached skill level 10 in Long Blades
 24932 | Orc:1    | Reached skill level 10 in Axes
 24932 | Orc:1    | Reached skill level 10 in Maces & Flails
 24932 | Orc:1    | Reached skill level 10 in Polearms
 24932 | Orc:1    | Reached skill level 10 in Staves
 24932 | Orc:1    | Reached skill level 10 in Slings
 24932 | Orc:1    | Reached skill level 10 in Bows
 24932 | Orc:1    | Reached skill level 10 in Crossbows
 24932 | Orc:1    | Reached skill level 10 in Throwing
 24932 | Orc:1    | Reached skill level 10 in Armour
 24932 | Orc:1    | Reached skill level 10 in Shields
 24932 | Orc:1    | Reached skill level 10 in Unarmed Combat
 24932 | Orc:1    | Reached skill level 10 in Evocations
 25211 | Orc:1    | Found a runed translucent gate.
 25211 | Orc:1    | Found a runed translucent gate.
 25211 | Orc:1    | Found a runed translucent gate.
 25311 | Orc:1    | Noticed Kewkacs Pitz's ghost (journeyman DDFi)
 25531 | Orc:1    | Killed Kewkacs Pitz's ghost
 25708 | Orc:2    | Entered Level 2 of the Orcish Mines
 25731 | Orc:2    | Found a staircase to the Elven Halls.
 26059 | Orc:2    | Found a runed translucent door.
 26059 | Orc:2    | Noticed Wuycwo's ghost (journeyman MiFi)
 26182 | Orc:2    | Reached skill level 10 in Air Magic
 26182 | Orc:2    | Found Nemayr's Weapon Boutique.
 26271 | Orc:2    | Found a roughly hewn altar of Beogh.
 26548 | Orc:2    | Found Zepochux's Weapon Shop.
 26548 | Orc:2    | Found Jauh's Weapon Emporium.
 26550 | Orc:2    | Found Revefip's Jewellery Shoppe.
 26552 | Orc:2    | Found Egouquras's Armour Boutique.
 26569 | Orc:2    | Bought the ring of Meeblec {Will+ Int+4} for 565 gold
                  | pieces
 26835 | Orc:2    | Killed Wuycwo's ghost
 27263 | D:12     | Noticed Maurice
 27270 | D:12     | Killed Maurice
 27734 | D:12     | Noticed Azrael
 27755 | D:12     | Killed Azrael
 28001 | D:13     | Found the +3 sling "Punk" {acid, rCorr}
 28194 | D:13     | Found Rusuh's Weapon Shop.
 28387 | D:13     | Learned a level 6 spell: Simulacrum
 28953 | D:13     | Found a gate to the Vaults.
 29101 | D:14     | Noticed Snorg
 29109 | D:14     | Killed Snorg
 29386 | D:14     | Reached XP level 16. HP: 123/123 MP: 17/31
 29693 | D:14     | Found a broken altar of Ashenzari.
 30012 | D:15     | Entered Level 15 of the Dungeon
 30449 | D:15     | Found a blossoming altar of Fedhas.
 30759 | D:15     | Found a staircase to the Depths.
 31095 | D:4      | Bought a scroll of teleportation for 78 gold pieces
 31095 | D:4      | Bought a potion of heal wounds for 130 gold pieces
 31095 | D:4      | Bought a scroll of enchant armour for 195 gold pieces
 31391 | Spider:1 | Entered Level 1 of the Spider Nest
 31811 | Spider:1 | Noticed Kirke
 31839 | Spider:1 | Killed Kirke
 32164 | Spider:1 | You fall into a shaft and drop 1 floor!
 33061 | Spider:1 | Got a blackened leather armour
 33072 | Spider:1 | Identified the +4 leather armour of Hedge Wizardry {Rampage
                  | *Drain rN++ Regen+} (You found it on level 1 of the Spider
                  | Nest)
 33199 | Spider:2 | Noticed Asterion
 33210 | Spider:2 | Killed Asterion
 33596 | Spider:2 | Noticed Roxanne
 33819 | Spider:2 | Killed Roxanne
 34209 | Spider:2 | You fall into a shaft and drop 1 floor!
 35216 | Spider:3 | Reached XP level 17. HP: 131/131 MP: 16/33
 35607 | Spider:4 | Entered Level 4 of the Spider Nest
 35656 | Spider:4 | Noticed Arachne
 35816 | Spider:4 | Killed Arachne
 36469 | Spider:4 | Noticed Aizul
 36487 | Spider:4 | Killed Aizul
 37151 | Spider:4 | Noticed Nikola
 37189 | Spider:4 | Killed from afar by Nikola

Illustrated notes

Levels and vault maps discovered:
D:1:      dpeg_arrival_rhombi, layout_rooms, serial_forest,
          infiniplex_forest_end_double, infiniplex_forest_straight_5,
          infiniplex_forest_side_room, infiniplex_forest_lined_room_,
          infiniplex_forest_fountain, infiniplex_forest_corner_1,
          infiniplex_forest_lined_2, minmay_statues_item,
          hangedman_decor_points, tso_metal_star
D:2:      layout_basic, chequers_ecumenical_altar_grove, uniq_jessica
D:3:      layout_rooms, lemuel_coloured_pillars_altar,
          nicolae_ru_sacrificial_ziggurat, minmay_door_square
D:4:      layout_basic, zin_academy, serial_shops, shop
D:5:      layout_gridville, chequers_temple_overflow_statue_of_worship,
          kennysheep_mini_moat, minmay_temple_entry_purple_smoke, uniq_sigmund,
          uniq_ijyb
D:6:      layout_basic, general_overflow_altar, marbit_many_paths,
          cheibrodos_sewer_entry_drain, ebering_ghost_reflecting_pool,
          uniq_prince_ribbit1
D:7:      minmay_chambers_of_sevens, layout_rooms, kennysheep_generic_room_6
D:8:      layout_basic, makhleb_heckhound_becter, lemuel_doored_altar,
          chequers_serial_rivers_large_a, cheibriados_altar_1
D:9:      layout_irregular_city, vehumet_crystals, kennysheep_little_box,
          gammafunk_ghost_cemetery, uniq_erica
D:10:     layout_irregular_city, orc_0_dummy, ebering_ghost_reflecting_pool,
          enter_bailey_2
D:11:     layout_stronghold, erik_lair_dragon, serial_column_ruins,
          column_ruins_hut_ruined, column_ruins_open_small, column_ruins_grid_1,
          column_ruins_corridor_straight, column_ruins_corridor_corner,
          column_ruins_open_tiny
D:12:     layout_basic, uniq_azrael, uniq_maurice
D:13:     layout_cave_pools, skrybe_vaults_entry_preservation, serial_shops,
          shop
D:14:     layout_rooms, ashenzari_altar_1, kennysheep_doodads, uniq_snorg
D:15:     grunt_enter_depths_hoard, layout_loops_cross, fedhas_altar_4
Lair:1:   layout_chaotic_city, gammafunk_ghost_hive, st_stairs_6,
          roderic_batcave, uniq_urug
Lair:2:   layout_cave_pods, shoals_dummy_entry, enter_volcano_4,
          portal_ice_cave_entry_pillars_1, basic_altar, grunt_megastairs_4,
          lemuel_fruit_tree, serial_bayou_shore_a, minmay_lair_oklob_chamber,
          infiniplex_staircase_pool_2
Lair:3:   layout_misc_corridors, nicolae_spider_entry_tight_spaces
Lair:4:   wander_river, layout_regular_city, uniq_rupert
Lair:5:   layout_gridlike, serial_bayou_pond_b
Lair:6:   evilmike_catoblepas_cave, layout_cave_pods, slime_altar_2,
          special_room [special_room_jelly]
Spider:1: layout_chambers, drop_trap, uniq_kirke
Spider:2: layout_spider_delve, uniq_asterion, uniq_roxanne
Spider:3: layout_spider_delve, drop_trap
Spider:4: grunt_spider_rune_parallel, drop_trap, uniq_arachne, uniq_nikola,
          uniq_aizul
Orc:1:    layout_diamond_mine, gammafunk_ghost_split, lightli_orcish_oven
Orc:2:    st_orc_rangers, layout_diamond_mine, gammafunk_ghost_grave,
          serial_shops, shop, basic_altar, nicolae_orc_crystal_geode

Skill      XL: |  1  2  3  4  5  6  7  8  9 10 11 12 13 14 15 16 17 |
---------------+----------------------------------------------------+-----
Spellcasting   | 5 6 7 8 9 10 11 12 | 12.5
Invocations    | 1 2 3 4 5 6 7 8 9 10 11 12 | 12.5
Fighting       | 1 2 3 4 5 6 7 8 9 10 11 | 11.6
Short Blades   | 1 2 3 4 5 6 7 8 9 10 11 | 11.6
Long Blades    | 1 2 3 4 5 6 7 8 9 10 11 | 11.6
Axes           | 1 2 3 4 5 6 7 8 9 10 11 | 11.6
Maces & Flails | 1 2 3 4 5 6 7 8 9 10 11 | 11.6
Polearms       | 1 2 3 4 5 6 7 8 9 10 11 | 11.6
Staves         | 1 2 3 4 5 6 7 8 9 10 11 | 11.6
Slings         | 1 2 3 4 5 6 7 8 9 10 11 | 11.6
Bows           | 1 2 3 4 5 6 7 8 9 10 11 | 11.6
Crossbows      | 1 2 3 4 5 6 7 8 9 10 11 | 11.6
Throwing       | 1 2 3 4 5 6 7 8 9 10 12 | 12.9
Armour         | 1 2 3 4 5 6 7 8 9 10 11 | 11.6
Shields        | 1 2 3 4 5 6 7 8 9 10 11 | 11.6
Unarmed Combat | 1 2 3 4 5 6 7 8 9 10 11 | 11.6
Evocations     | 1 2 3 4 5 6 7 8 9 10 11 | 11.6
Conjurations   | 1 2 3 4 5 6 7 8 9 |  9.9
Hexes          | 1 2 3 4 5 6 7 8 9 |  9.9
Summonings     | 1 2 3 4 5 6 7 8 9 |  9.9
Translocations | 1 2 3 4 5 6 7 8 9 |  9.9
Transmutations | 1 2 3 4 5 6 7 8 9 |  9.9
Fire Magic     | 1 2 3 4 5 6 7 8 9 |  9.9
Ice Magic      | 1 2 3 4 5 6 7 8 9 |  9.9
Air Magic      | 1 2 3 4 5 6 7 9 10 11 12 | 12.0
Earth Magic    | 1 2 3 4 5 6 7 8 9 |  9.9
Poison Magic   | 1 2 3 4 5 6 7 8 9 |  9.9
Dodging        | 5 6 7 8 9 10 11 12 | 12.4
Stealth        | 5 6 7 8 9 10 11 12 | 12.2
Necromancy     | 8 9 10 11 12 | 12.0

Action                   |  1- 3 |  4- 6 |  7- 9 | 10-12 | 13-15 | 16-18 || total
-------------------------+-------+-------+-------+-------+-------+-------++-------
Melee: Whip              |    39 |     6 |       |       |       |       ||    45
       Bite              |     2 |     2 |    11 |    42 |   132 |    94 ||   283
       Spear             |       |     7 |       |       |       |       ||     7
       Dagger            |       |    29 |   148 |   142 |       |       ||   319
       Punch             |       |       |     1 |     7 |    15 |       ||    23
       Hand axe          |       |       |       |   231 |   342 |       ||   573
       Quick blade       |       |       |       |       |   611 |   660 ||  1271
 Cast: Pain              |    41 |    93 |   240 |    78 |     7 |     3 ||   462
       Animate Dead      |       |     2 |     9 |     7 |     3 |     1 ||    22
       Frozen Ramparts   |       |       |       |    45 |    74 |    51 ||   170
       Summon Ice Beast  |       |       |       |    18 |    70 |    13 ||   101
       Dispel Undead     |       |       |       |    10 |    12 |     6 ||    28
       Borgnjor's Vile C |       |       |       |    39 |   111 |   104 ||   254
       Statue Form       |       |       |       |       |     1 |       ||     1
       Simulacrum        |       |       |       |       |     2 |       ||     2
Invok: Receive Corpses   |       |       |     3 |       |       |       ||     3
       Receive Necronomi |       |       |       |       |     1 |       ||     1
Evoke: Wand              |       |       |     3 |     4 |     1 |       ||     8
  Use: Scroll            |       |       |     9 |     9 |    19 |    14 ||    51
       Potion            |       |       |     2 |     2 |     5 |     3 ||    12
 Stab: Sleeping          |     1 |     1 |     4 |    11 |    19 |    12 ||    48
       Paralysed         |       |       |     6 |     6 |       |       ||    12
       Distracted        |       |       |       |       |     6 |       ||     6
       Petrified         |       |       |       |       |     1 |       ||     1
Armor: Robe              |     8 |     6 |    57 |    50 |    12 |       ||   133
       Ring mail         |       |       |       |    46 |   226 |    51 ||   323
       Skin              |       |       |       |       |     3 |       ||     3
       Leather armour    |       |       |       |       |       |   151 ||   151
Dodge: Dodged            |    32 |    34 |   199 |   273 |   524 |   347 ||  1409
       Repelled          |       |       |       |       |     6 |     1 ||     7
Block: Other             |       |       |       |    17 |       |       ||    17
       Buckler           |       |       |       |       |   102 |     5 ||   107
       Kite shield       |       |       |       |       |       |   323 ||   323

Table legend: (Time is in decaauts)
 A = Elapsed time spent in this place.
 B = Non-inter-level travel time spent in this place.
 C = Inter-level travel time spent in this place.
 D = Time resting spent in this place.
 E = Time spent auto-exploring this place.
 F = Levels seen in this place.
 G = Mean time per level.
                   A        B        C        D        E       F      G
               +--------+--------+--------+--------+--------+-----+--------+
         Total |  36391 |  34132 |   2259 |   6444 |  21243 |  29 | 1254.9 |
       Dungeon |  17554 |  16153 |   1401 |   2634 |  10749 |  15 | 1170.3 |
          Lair |   9828 |   9330 |    498 |   1963 |   5806 |   6 | 1638.0 |
   Spider Nest |   5448 |   5183 |    265 |   1490 |   2583 |   4 | 1362.0 |
  Orcish Mines |   2014 |   1920 |     94 |    174 |   1352 |   2 | 1007.0 |
         Sewer |    929 |    929 |      0 |    110 |    460 |   1 |  929.0 |
        Bailey |    616 |    616 |      0 |     73 |    292 |   1 |  616.0 |
               +--------+--------+--------+--------+--------+-----+--------+

Top non-repeatable levels by time:
  Lair:6: 2667 daAuts
    D:10: 2159 daAuts
    D:11: 2014 daAuts
  Lair:2: 1988 daAuts
Spider:2: 1803 daAuts
Spider:1: 1584 daAuts
     D:7: 1579 daAuts
Spider:4: 1394 daAuts
  Lair:3: 1322 daAuts
  Lair:4: 1301 daAuts
  Lair:1: 1284 daAuts
  Lair:5: 1263 daAuts
     D:6: 1256 daAuts
     D:8: 1116 daAuts
     D:9: 1100 daAuts
